 Dungeon Crawl Stone Soup version 0.27-a0-906-g0a00ce863d (webtiles) character file.

Game seed: 2955314018276759231

492 wakim the Insei (level 7, -4/43 HPs)
             Began as an Octopode Transmuter on Apr 6, 2021.
             Slain by a black bear (7 damage)
             ... on level 4 of the Dungeon.
             The game lasted 00:13:30 (6136 turns).

wakim the Insei (Octopode Transmuter)               Turns: 6136, Time: 00:13:31

Health: -4/43      AC:  1    Str:  9    XL:     7   Next: 14%
Magic:  9/10       EV: 13    Int: 17    God:
Gold:   161        SH:  7    Dex: 13    Spells: 1/10 levels left

rFire    . . .     SeeInvis .     - Unarmed
rCold    . . .     Faith    .   c - +2 buckler
rNeg     . . .     Spirit   .   (helmet restricted)
rPois    .         Reflect  .   (no amulet)
rElec    .         Harm     .   e - ring of resist corrosion
rCorr    +         Rampage  .   (no ring)
Will     .....                  (no ring)
Stlth    +++.......             (no ring)
HPRegen  0.14/turn              (no ring)
MPRegen  0.12/turn              (no ring)
                                (no ring)
                                (no ring)

@: no status effects
A: almost no armour, amphibious, 8 rings, camouflage 1, gelatinous body 1,
(nimble swimmer 1), tentacles
a: no special abilities


You were on level 4 of the Dungeon.
You visited 1 branch of the dungeon, and saw 4 of its levels.
You also visited: Sewer.

You collected 161 gold pieces.

Inventory:

Missiles
 g - 6 poisoned darts
Armour
 c - a +2 buckler (worn)
Jewellery
 e - a ring of resist corrosion (left tentacle)
Scrolls
 X - a scroll of fog
Potions
 b - 4 potions of curing
 G - 3 potions of flight
 L - a potion of lignification


   Skills:
 - Level 1.0 Fighting
 - Level 2.0 Dodging
 - Level 3.0 Stealth
 * Level 3.8 Shields
 + Level 4.4 Unarmed Combat
 - Level 2.0 Spellcasting
 * Level 4.3 Transmutations
 - Level 2.0 Poison Magic


You had one spell level left.
You knew the following spells:

 Your Spells              Type           Power      Damage    Failure   Level
a - Beastly Appendage     Tmut           32%        N/A       3%          1
b - Hydra Form            Tmut           8%         N/A       65%         5
x - Spider Form           Tmut/Pois      6%         N/A       16%         3

Your spell library contained the following spells:

 Spells                   Type           Power      Damage    Failure   Level
 Wereblood                Tmut           16%        N/A       4%          2
 Ice Form                 Ice/Tmut       9%         N/A       61%         4


Dungeon Overview and Level Annotations

Branches:
Dungeon (4/15)              Sewer (visited)
 Temple: D:4-7

Altars:
The Shining One

Annotations:
D:4 exclusion: black bear


Innate Abilities, Weirdness & Mutations

You cannot wear most types of armour.
You are amphibious.
You can wear up to eight rings at the same time.
Your skin changes colour to match your surroundings (Stealth+).
Your rubbery body absorbs attacks. (AC +1, EV +1)
((You are camouflaged near water. (Stealth+)))
You have tentacles for arms and can constrict up to eight enemies at once.


Message History

Casting: Beastly Appendage (safe; 3% risk of failure)
Confirm with . or Enter, or press ? or * to list all spells.
You turn into a venomous arachnid creature.
Your +2 buckler melds into your body.
You climb downwards.
Level annotation: exclusion: black bear
There is a stone staircase leading up here.
You hit the black bear but do no damage.
The black bear is poisoned.
The black bear bites you! The black bear claws you. The black bear misses you.
You hit the black bear but do no damage.
The black bear looks as sick as possible!
The black bear misses you. The black bear claws you. x2
Your transformation is almost over.
The black bear bites you.
* * * LOW HITPOINT WARNING * * *
The black bear claws you.
* * * LOW HITPOINT WARNING * * *
The black bear claws you.
* * * LOW HITPOINT WARNING * * *
You hit the black bear but do no damage.
The black bear looks as sick as possible!
The black bear is moderately wounded.
The black bear misses you. The black bear claws you.
* * * LOW HITPOINT WARNING * * *
The black bear claws you.
* * * LOW HITPOINT WARNING * * *
The black bear goes berserk!
There is a stone staircase leading up here.
The black bear rages.
You hit the black bear.
The black bear looks as sick as possible!
The black bear is almost dead.
Your transformation has ended.
Your +2 buckler unmelds from your body.
The black bear barely misses you. You block the black bear's attack.
The black bear barely misses you. The black bear bites you.
* * * LOW HITPOINT WARNING * * *
The black bear barely misses you. The black bear claws you!
You die...

##### #...####### ###.........#
#..†........############
#.##.#####.............#
#.##.####.....###......## #####
#.##..##......###..<<...####....
#.###.##......h@....).........##
#.# #.##.#.######.......####..#
#.###.##.#.# #......## #..#
#.......!..######.####.#####..#
####..............# #(##.....##
#..##.########## ##.##.##..##
#..##.########## #...........
#............(.# #..#........
#...#.########.###...##......


You could see a black bear (berserk, extremely poisoned).

Vanquished Creatures
  A kobold brigand (Sewer)
  A water moccasin skeleton (D:4)
  A hound (D:4)
  Crazy Yiuf (D:2)
  A bullfrog skeleton (D:3)
  An iguana (D:4)
  A hound skeleton (D:4)
  3 gnolls (D:3)
  10 adders
  2 river rats (Sewer)
  3 dart slugs
  2 orcs
  8 ball pythons
  4 bats
  6 endoplasms
  10 giant cockroaches
  8 hobgoblins
  7 jackals
  12 kobolds
  5 quokkas
  6 frilled lizards
  6 goblins
  9 rats
108 creatures vanquished.

Notes
Turn   | Place    | Note
-------+----------+-------------------------------------------
     0 | D:1      | wakim the Octopode Transmuter began the quest for the Orb.
     0 | D:1      | Reached XP level 1. HP: 13/13 MP: 3/3
   226 | D:1      | Found a faded altar of an unknown god.
   316 | D:1      | Reached skill level 1 in Stealth
   480 | D:1      | Reached XP level 2. HP: 18/18 MP: 3/5
  1168 | D:1      | Reached XP level 3. HP: 18/23 MP: 4/6
  1334 | D:1      | Learned a level 3 spell: Spider Form
  2008 | D:2      | Reached skill level 1 in Shields
  2008 | D:2      | Reached skill level 1 in Poison Magic
  2008 | D:2      | Reached XP level 4. HP: 28/28 MP: 5/7
  2253 | D:2      | Found a runed translucent door.
  2254 | D:2      | Noticed Crazy Yiuf
  2271 | D:2      | Killed Crazy Yiuf
  2696 | D:2      | Reached XP level 5. HP: 14/33 MP: 5/8
  3988 | D:3      | Reached XP level 6. HP: 30/38 MP: 7/9
  4320 | D:4      | Noticed a black bear
  4614 | D:4      | Found a glowing drain.
  4650 | Sewer    | Entered a sewer
  5006 | Sewer    | Found a glowing silver altar of Zin.
  5185 | D:4      | Found a glowing golden altar of the Shining One.
  5595 | D:4      | Reached XP level 7. HP: 41/43 MP: 8/10
  5905 | D:4      | Learned a level 5 spell: Hydra Form
  6136 | D:4      | Slain by a black bear

Illustrated notes

Levels and vault maps discovered:
D:1:      lightli_arrival_chessboard, layout_loops_corners,
          basic_ecumenical_altar
D:2:      layout_loops_ring, uniq_crazy_yiuf_cottage
D:3:      layout_loops_ring
D:4:      layout_loops_ring, tso_oasis_becter, gup_sewer_entry_pipe,
          minmay_misc_feat_enclosed, minmay_misc_feat_secret_circle,
          minmay_misc_feat_chi

Skill      XL: |  1  2  3  4  5  6 |
---------------+-------------------+-----
Stealth        | 2 3 |  3.0
Shields        | 1 2 3 |  3.8
Poison Magic   | 1 2 |  2.0
Transmutations | 3 4 |  4.3
Unarmed Combat | 4 |  4.4
Fighting       | |  1.0
Dodging        | |  2.0
Spellcasting   | |  2.0

Action                   |  1- 3 |  4- 6 |  7- 9 || total
-------------------------+-------+-------+-------++-------
Melee: Unarmed           |    71 |   175 |    23 ||   269
       Constrict         |    18 |    45 |     4 ||    67
       Kick              |    13 |    31 |     1 ||    45
       Tentacles         |    11 |    27 |     2 ||    40
       Punch             |     1 |     4 |     1 ||     6
 Cast: Beastly Appendage |    21 |    25 |     3 ||    49
       Spider Form       |       |     2 |     1 ||     3
  Use: Scroll            |     3 |     4 |     2 ||     9
 Stab: Sleeping          |     8 |    19 |     2 ||    29
Armor: Skin              |     5 |     7 |     1 ||    13
Dodge: Dodged            |    28 |    77 |    13 ||   118
Block: Buckler           |     9 |    37 |     6 ||    52

Table legend: (Time is in decaauts)
 A = Elapsed time spent in this place.
 B = Non-inter-level travel time spent in this place.
 C = Inter-level travel time spent in this place.
 D = Time resting spent in this place.
 E = Time spent auto-exploring this place.
 F = Levels seen in this place.
 G = Mean time per level.
                   A        B        C        D        E       F      G
               +--------+--------+--------+--------+--------+-----+--------+
         Total |   6125 |   6042 |     83 |   1116 |   3957 |   5 | 1225.0 |
       Dungeon |   5732 |   5649 |     83 |    890 |   3874 |   4 | 1433.0 |
         Sewer |    392 |    392 |      0 |    226 |     83 |   1 |  392.0 |
               +--------+--------+--------+--------+--------+-----+--------+

Top non-repeatable levels by time:
     D:2: 1580 daAuts
     D:1: 1549 daAuts
     D:4: 1482 daAuts
     D:3: 1119 daAuts
   Sewer: 392 daAuts
